| TOP OF THE 1ST |
|
Danville Veterans batting - Pitching for Waterloo Hawks : RHP John Franks
|
|
Pitching: RHP John Franks
|
|
|
Batting: RHB Billy Hatcher
|
0-0: Called Strike 0-1: Foul Ball, location: 2F 0-2: SINGLE (Groundball, 6MD, EV 98.8 MPH)
|
|
Batting: LHB Adrian Zepeda
|
0-0: Called Strike 0-1: Ball 1-1: Ball 2-1: Ball 3-1: Base on Balls Billy Hatcher to second
|
|
Batting: RHB Henry Janssen
|
0-0: Ball 1-0: Foul Ball, location: 2F 1-1: Ball 2-1: Ball 3-1: Base on Balls Billy Hatcher to third Adrian Zepeda to second
|
|
Batting: LHB Mark Salas
|
0-0: Foul Ball, location: 2F 0-1: Swinging Strike 0-2: Ball 1-2: Ball 2-2: Foul Ball, location: 2F 2-2: Fly out, F9 (Line Drive, 9, EV 88.1 MPH)
|
|
Batting: RHB Robert Gauci
|
0-0: Called Strike 0-1: SINGLE (Flyball, 56D, EV 89.4 MPH) Billy Hatcher scores Adrian Zepeda to third Henry Janssen to second
|
|
Batting: RHB Ed Saavedra
|
0-0: SINGLE (Line Drive, 89M, EV 105.6 MPH) Adrian Zepeda scores Henry Janssen to third Robert Gauci to second Runner from 3rd tries for Home, SAFE, throw by CF to home
|
|
Batting: RHB Jeff Moronko
|
0-0: Swinging Strike 0-1: Swinging Strike 0-2: Strikes out swinging
|
|
Batting: RHB Gordon Gauntlett
|
0-0: Foul Ball, location: 2F 0-1: Ball 1-1: Called Strike 1-2: Foul Ball, location: 2F 1-2: Fly out, F7 (Flyball, 7LM, EV 90.6 MPH)
|
| Top of the 1st over - 3 runs, 3 hits, 0 errors, 2 left on base; Danville 3 - Waterloo 0 |
| BOTTOM OF THE 1ST |
|
Waterloo Hawks batting - Pitching for Danville Veterans : LHP Donald Johnson
|
|
Pitching: LHP Donald Johnson
|
|
|
Batting: RHB Edward Irvine
|
0-0: Ball 1-0: SINGLE (Line Drive, 4MD, EV 95.6 MPH)
|
|
Batting: RHB Jay Loviglio
|
0-0: Ball 1-0: Ball 2-0: Foul Ball, location: 2F 2-1: Ball 3-1: Called Strike 3-2: SINGLE (Line Drive, 8LS, EV 104.4 MPH) Edward Irvine to second
|
|
Batting: LHB Ronald Davis
|
0-0: Foul Ball, location: 2F 0-1: Foul Ball, location: 2F 0-2: Foul Ball, location: 2F 0-2: Ball 1-2: Strikes out looking
|
|
Batting: RHB Carmelo Aguayo
|
0-0: Ball 1-0: Ball 2-0: Ball 3-0: Called Strike 3-1: Foul Ball, location: 2F 3-2: Foul Ball, location: 2F 3-2: Foul Ball, location: 2F 3-2: Base on Balls Edward Irvine to third Jay Loviglio to second
|
|
Batting: RHB Juan Baez
|
0-0: Ball 1-0: Foul Ball, location: 2F 1-1: Ball 2-1: Foul Ball, location: 2F 2-2: Ball 3-2: DOUBLE (Flyball, 8LD, EV 106.3 MPH) Edward Irvine scores Jay Loviglio scores Carmelo Aguayo to third
|
|
Batting: RHB Michael Williams
|
0-0: Called Strike 0-1: Ball 1-1: Ball 2-1: Called Strike 2-2: Ball 3-2: Strikes out swinging
|
|
Batting: SHB Nelson Liriano
|
0-0: Ball 1-0: Foul Ball, location: 2F 1-1: Ball 2-1: Called Strike 2-2: Strikes out swinging
|
| Bottom of the 1st over - 2 runs, 3 hits, 0 errors, 2 left on base; Danville 3 - Waterloo 2 |
| TOP OF THE 2ND |
|
Danville Veterans batting - Pitching for Waterloo Hawks : RHP John Franks
|
|
Batting: RHB Tom Hayes
|
0-0: SINGLE (Line Drive, 89S, EV 85.6 MPH)
|
|
Batting: RHB Billy Hatcher
|
0-0: Ball 1-0: Ball 2-0: Swinging Strike 2-1: Foul Ball, location: 2F 2-2: Foul Ball, location: 2F 2-2: Fly out, F9 (Line Drive, 9D, EV 94.4 MPH)
|
|
Batting: LHB Adrian Zepeda
|
0-0: Called Strike 0-1: Ball 1-1: Ball 2-1: Ball 3-1: SINGLE (Flyball, 56D, EV 75.6 MPH) Tom Hayes to second
|
|
Batting: RHB Henry Janssen
|
0-0: Ball 1-0: Ball 2-0: Ball 3-0: Called Strike 3-1: Swinging Strike 3-2: Foul Ball, location: 2F 3-2: Base on Balls Tom Hayes to third Adrian Zepeda to second
|
|
Batting: LHB Mark Salas
|
0-0: Swinging Strike 0-1: Foul Ball, location: 2F 0-2: Fielders Choice at 2nd, 4-6 (Groundball, 34, EV 76.9 MPH) Tom Hayes scores Adrian Zepeda to third
|
|
Batting: RHB Robert Gauci
|
0-0: Ball 1-0: Fly out, F6 (Popup, 6, EV 65.6 MPH)
|
| Top of the 2nd over - 1 run, 2 hits, 0 errors, 2 left on base; Danville 4 - Waterloo 2 |
| BOTTOM OF THE 2ND |
|
Waterloo Hawks batting - Pitching for Danville Veterans : LHP Donald Johnson
|
|
Batting: RHB Mark Doran
|
0-0: Called Strike 0-1: Swinging Strike 0-2: Ball 1-2: Ground out 6-3 (Groundball, 6, EV 107.5 MPH)
|
|
Batting: RHB David Cusack
|
0-0: Ball 1-0: Fly out, F8 (Flyball, 8RD, EV 76.9 MPH)
|
|
Batting: RHB Edward Irvine
|
0-0: Ground out 6-3 (Groundball, 6, EV 80.6 MPH)
|
| Bottom of the 2nd over - 0 runs, 0 hits, 0 errors, 0 left on base; Danville 4 - Waterloo 2 |
| TOP OF THE 3RD |
|
Danville Veterans batting - Pitching for Waterloo Hawks : RHP John Franks
|
|
Batting: RHB Ed Saavedra
|
0-0: Ball 1-0: Swinging Strike 1-1: Foul Ball, location: 2F 1-2: Foul Ball, location: 2F 1-2: Ground out 5-3 (Groundball, 5, EV 100.0 MPH)
|
|
Batting: RHB Jeff Moronko
|
0-0: Fly out, F9 (Flyball, 9LS, EV 95.6 MPH)
|
|
Batting: RHB Gordon Gauntlett
|
0-0: Ball 1-0: Fly out, F8 (Flyball, 8RD, EV 95.6 MPH)
|
| Top of the 3rd over - 0 runs, 0 hits, 0 errors, 0 left on base; Danville 4 - Waterloo 2 |
| BOTTOM OF THE 3RD |
|
Waterloo Hawks batting - Pitching for Danville Veterans : LHP Donald Johnson
|
|
Batting: RHB Jay Loviglio
|
0-0: SINGLE (Groundball, 56D, EV 111.3 MPH)
|
|
Batting: LHB Ronald Davis
|
0-0: Called Strike 0-1: Foul Ball, location: 2F 0-2: Strikes out swinging
|
|
Batting: RHB Carmelo Aguayo
|
0-0: Ball 1-0: Called Strike 1-1: Ball 2-1: Fly out, F8 (Flyball, 8RXD, EV 107.5 MPH) Runner from 1st tags up, SAFE at 2nd
|
|
Batting: RHB Juan Baez
|
0-0: Ball 1-0: Ball 2-0: Ball 3-0: Called Strike 3-1: Base on Balls
|
|
Batting: RHB Michael Williams
|
0-0: Foul Ball, location: 2F 0-1: DOUBLE (Flyball, 89XD, EV 98.8 MPH) Jay Loviglio scores Juan Baez to third Runner from 3rd tries for Home, SAFE, throw by CF to home
|
|
Batting: SHB Nelson Liriano
|
0-0: Swinging Strike 0-1: Called Strike 0-2: Ball 1-2: Ball 2-2: Strikes out looking
|
| Bottom of the 3rd over - 2 runs, 2 hits, 0 errors, 1 left on base; Danville 4 - Waterloo 4 |
| TOP OF THE 4TH |
|
Danville Veterans batting - Pitching for Waterloo Hawks : RHP John Franks
|
|
Batting: RHB Tom Hayes
|
0-0: Called Strike 0-1: SINGLE (Popup, 6MD, EV 71.3 MPH)
|
|
Batting: RHB Billy Hatcher
|
0-0: Ball 1-0: DOUBLE (Line Drive, 9LM, EV 98.8 MPH) Tom Hayes to third
|
|
Batting: LHB Adrian Zepeda
|
0-0: Fly out, F8 (Flyball, 8RM, EV 94.4 MPH) Runner from 3rd tags up, SCORES, throw by CF
|
|
Batting: RHB Henry Janssen
|
0-0: Foul Ball, location: 2F 0-1: Ball 1-1: Ball 2-1: Swinging Strike 2-2: Foul Ball, location: 2F 2-2: Ground out 6-3 (Groundball, 6, EV 90.6 MPH) Billy Hatcher to third
|
|
Batting: LHB Mark Salas
|
0-0: Ball 1-0: Ball 2-0: Called Strike 2-1: Called Strike 2-2: Fly out, F8 (Flyball, 8RS, EV 81.9 MPH)
|
| Top of the 4th over - 1 run, 2 hits, 0 errors, 1 left on base; Danville 5 - Waterloo 4 |
| BOTTOM OF THE 4TH |
|
Waterloo Hawks batting - Pitching for Danville Veterans : LHP Donald Johnson
|
|
Batting: RHB Mark Doran
|
0-0: Hit by Pitch
|
|
Batting: RHB David Cusack
|
0-0: Foul Ball, location: 2F 0-1: Foul Ball, location: 2F 0-2: Ball 1-2: SINGLE (Line Drive, 8RS, EV 100.0 MPH) Mark Doran to second
|
|
Batting: RHB Edward Irvine
|
0-0: Fielders Choice at 2nd, 5-4 (Groundball, 56S, EV 85.6 MPH) Mark Doran to third
|
|
Batting: RHB Jay Loviglio
|
0-0: Called Strike Edward Irvine steals 2nd base 0-1: Fly out, F8 (Flyball, 8RS, EV 87.5 MPH)
|
|
Batting: LHB Ronald Davis
|
0-0: Called Strike 0-1: Swinging Strike 0-2: Strikes out swinging
|
| Bottom of the 4th over - 0 runs, 1 hit, 0 errors, 2 left on base; Danville 5 - Waterloo 4 |
| TOP OF THE 5TH |
|
Danville Veterans batting - Pitching for Waterloo Hawks : RHP John Franks
|
|
Batting: RHB Robert Gauci
|
0-0: Called Strike 0-1: Ball 1-1: Ball 2-1: Foul Ball, location: 2F 2-2: Foul Ball, location: 2F 2-2: Ball 3-2: Foul Ball, location: 2F 3-2: Foul Ball, location: 2F 3-2: Ground out 2-3 (Groundball, 15S, EV 67.5 MPH)
|
|
Batting: RHB Ed Saavedra
|
0-0: Foul Ball, location: 2F 0-1: Ball 1-1: Called Strike 1-2: Ball 2-2: Ball 3-2: Base on Balls
|
|
Batting: RHB Jeff Moronko
|
0-0: Ball 1-0: Ball 2-0: Fly out, F8 (Flyball, 8LXD, EV 100.6 MPH)
|
|
Batting: RHB Gordon Gauntlett
|
0-0: Ball Ed Saavedra is caught stealing 2nd base 2-4
|
| Top of the 5th over - 0 runs, 0 hits, 0 errors, 0 left on base; Danville 5 - Waterloo 4 |
| BOTTOM OF THE 5TH |
|
Waterloo Hawks batting - Pitching for Danville Veterans : LHP Donald Johnson
|
|
Batting: RHB Carmelo Aguayo
|
0-0: Called Strike 0-1: Ball 1-1: Ball 2-1: Ball 3-1: Base on Balls
|
|
Batting: RHB Juan Baez
|
0-0: Ball Wild Pitch! Carmelo Aguayo to second 1-0: Ball 2-0: Ground out 5-3 (Groundball, 15, EV 83.8 MPH)
|
|
Batting: RHB Michael Williams
|
0-0: Ball 1-0: Called Strike 1-1: Fly out, F9 (Flyball, 89S, EV 75.6 MPH)
|
|
Batting: SHB Nelson Liriano
|
0-0: Ball 1-0: Ball 2-0: Foul Ball, location: 2F 2-1: Foul Ball, location: 2F 2-2: Fly out, F8 (Flyball, 8LD, EV 109.4 MPH)
|
| Bottom of the 5th over - 0 runs, 0 hits, 0 errors, 1 left on base; Danville 5 - Waterloo 4 |
| TOP OF THE 6TH |
|
Danville Veterans batting - Pitching for Waterloo Hawks : RHP John Franks
|
|
Batting: RHB Gordon Gauntlett
|
0-0: Swinging Strike 0-1: Ball 1-1: Foul Ball, location: 2F 1-2: Foul Ball, location: 2F 1-2: Ball 2-2: Fly out, F7 (Flyball, 7, EV 83.8 MPH)
|
|
Batting: RHB Tom Hayes
|
0-0: Foul Ball, location: 2F 0-1: Ball 1-1: Called Strike 1-2: Foul Ball, location: 2F 1-2: SINGLE (Line Drive, 8RS, EV 102.5 MPH)
|
|
Batting: RHB Billy Hatcher
|
0-0: Called Strike 0-1: Fielders Choice at 2nd, 6-4 (Groundball, 6, EV 81.3 MPH)
|
|
Batting: LHB Adrian Zepeda
|
0-0: Called Strike 0-1: Ball 1-1: Ground out 4-3 (Groundball, 34, EV 91.3 MPH)
|
| Top of the 6th over - 0 runs, 1 hit, 0 errors, 1 left on base; Danville 5 - Waterloo 4 |
| BOTTOM OF THE 6TH |
|
Waterloo Hawks batting - Pitching for Danville Veterans : LHP Donald Johnson
|
|
Batting: RHB Mark Doran
|
0-0: Foul Ball, location: 2F 0-1: Ball 1-1: Called Strike 1-2: Foul Ball, location: 2F 1-2: DOUBLE (Flyball, 89XD, EV 107.5 MPH)
|
|
Batting: RHB David Cusack
|
0-0: Ball 1-0: Ball 2-0: Fly out, F8 (Line Drive, 8RM, EV 86.3 MPH)
|
|
Batting: RHB Edward Irvine
|
0-0: Called Strike 0-1: Ball 1-1: Ball 2-1: Foul Ball, location: 2F 2-2: Fly out, F8 (Line Drive, 8RM, EV 90.6 MPH) Runner from 2nd tags up, SAFE at 3rd with throw by CF
|
|
Batting: RHB Jay Loviglio
|
0-0: Ball 1-0: Foul Ball, location: 2F 1-1: Ball 2-1: Called Strike 2-2: Foul Ball, location: 2F 2-2: Foul Ball, location: 2F 2-2: Strikes out swinging
|
| Bottom of the 6th over - 0 runs, 1 hit, 0 errors, 1 left on base; Danville 5 - Waterloo 4 |
| TOP OF THE 7TH |
|
Danville Veterans batting - Pitching for Waterloo Hawks : RHP John Franks
|
|
Batting: RHB Henry Janssen
|
0-0: Swinging Strike 0-1: SOLO HOME RUN (Flyball, 7D, EV 108.1 MPH), Distance : 368 ft
|
|
Pitching: RHP Tom Van Der Meersche
|
|
|
Batting: LHB Mark Salas
|
0-0: Ball 1-0: Ball 2-0: Ball 3-0: Foul Ball, location: 2F 3-1: Base on Balls
|
|
Batting: RHB Robert Gauci
|
0-0: Ball 1-0: Ball 2-0: Ball 3-0: Called Strike 3-1: Base on Balls Mark Salas to second
|
|
Batting: RHB Ed Saavedra
|
0-0: Ball 1-0: Ball 2-0: Grounds into double play, 1-4-3 (Groundball, 15, EV 68.1 MPH) Mark Salas to third
|
|
Batting: RHB Jeff Moronko
|
0-0: Called Strike 0-1: Fly out, F8 (Flyball, 8LD, EV 108.1 MPH)
|
| Top of the 7th over - 1 run, 1 hit, 0 errors, 1 left on base; Danville 6 - Waterloo 4 |
| BOTTOM OF THE 7TH |
|
Waterloo Hawks batting - Pitching for Danville Veterans : LHP Donald Johnson
|
|
Batting: LHB Ronald Davis
|
0-0: Ball 1-0: Ball 2-0: Fly out, F9 (Flyball, 89M, EV 85.0 MPH)
|
|
Batting: RHB Carmelo Aguayo
|
0-0: Ball 1-0: Called Strike 1-1: Swinging Strike 1-2: Ball 2-2: Ground out 1-3 (Groundball, 34S, EV 65.0 MPH)
|
|
Batting: RHB Juan Baez
|
0-0: Ball 1-0: Ball 2-0: Foul Ball, location: 2F 2-1: Ball 3-1: Swinging Strike 3-2: Foul Ball, location: 2F 3-2: Fly out, F8 (Flyball, 89S, EV 80.0 MPH)
|
| Bottom of the 7th over - 0 runs, 0 hits, 0 errors, 0 left on base; Danville 6 - Waterloo 4 |
| TOP OF THE 8TH |
|
Danville Veterans batting - Pitching for Waterloo Hawks : RHP Tom Van Der Meersche
|
|
Batting: RHB Gordon Gauntlett
|
0-0: Ball 1-0: Foul Ball, location: 2F 1-1: Called Strike 1-2: Strikes out looking
|
|
Batting: RHB Tom Hayes
|
0-0: Called Strike 0-1: Ball 1-1: Called Strike 1-2: Strikes out looking
|
|
Batting: RHB Billy Hatcher
|
0-0: Ball 1-0: Ball 2-0: Foul Ball, location: 2F 2-1: Ball 3-1: DOUBLE (Line Drive, 78D, EV 108.1 MPH)
|
|
Batting: LHB Adrian Zepeda
|
0-0: Ball 1-0: Ball 2-0: Called Strike 2-1: Foul Ball, location: 2F 2-2: Foul Ball, location: 2F 2-2: Fly out, F6 (Flyball, 6D, EV 92.5 MPH)
|
| Top of the 8th over - 0 runs, 1 hit, 0 errors, 1 left on base; Danville 6 - Waterloo 4 |
| BOTTOM OF THE 8TH |
|
Waterloo Hawks batting - Pitching for Danville Veterans : LHP Donald Johnson
|
|
Batting: RHB Michael Williams
|
0-0: Fly out, F5 (Line Drive, 5, EV 69.4 MPH)
|
|
Batting: SHB Nelson Liriano
|
0-0: Ball 1-0: Fly out, F7 (Flyball, 7LS, EV 83.1 MPH)
|
|
Batting: RHB Mark Doran
|
0-0: Swinging Strike 0-1: Swinging Strike 0-2: Ball 1-2: Ball 2-2: Foul Ball, location: 2F 2-2: Ball 3-2: Fly out, F8 (Flyball, 8RD, EV 93.8 MPH)
|
| Bottom of the 8th over - 0 runs, 0 hits, 0 errors, 0 left on base; Danville 6 - Waterloo 4 |
| TOP OF THE 9TH |
|
Danville Veterans batting - Pitching for Waterloo Hawks : RHP Tom Van Der Meersche
|
|
Batting: RHB Henry Janssen
|
0-0: Foul Ball, location: 2F 0-1: Foul Ball, location: 2F 0-2: Ball 1-2: Foul Ball, location: 2F 1-2: Fly out, F8 (Line Drive, 8RD, EV 87.5 MPH)
|
|
Batting: LHB Mark Salas
|
0-0: Fly out, F8 (Flyball, 8LXD, EV 100.0 MPH)
|
|
Batting: RHB Robert Gauci
|
0-0: Ball 1-0: Ball 2-0: Called Strike 2-1: Ball 3-1: Foul Ball, location: 2F 3-2: Base on Balls
|
|
Pitching: RHP Jesus Atilano
|
|
|
Batting: RHB Ed Saavedra
|
0-0: Called Strike 0-1: Foul Ball, location: 2F 0-2: Ball 1-2: Fly out, F8 (Flyball, 89M, EV 89.4 MPH)
|
| Top of the 9th over - 0 runs, 0 hits, 0 errors, 1 left on base; Danville 6 - Waterloo 4 |
| BOTTOM OF THE 9TH |
|
Waterloo Hawks batting - Pitching for Danville Veterans : LHP Donald Johnson
|
|
Batting: RHB David Cusack
|
0-0: Ball 1-0: Foul Ball, location: 2F 1-1: Called Strike 1-2: Strikes out swinging
|
|
Batting: RHB Edward Irvine
|
0-0: Foul Ball, location: 2F 0-1: Ball 1-1: Foul Ball, location: 2F 1-2: Ball 2-2: Foul Ball, location: 2F 2-2: Ground out 4-3 (Groundball, 4, EV 85.6 MPH)
|
|
Batting: RHB Jay Loviglio
|
0-0: Foul Ball, location: 2F 0-1: SINGLE (Groundball, 6MD, EV 98.1 MPH)
|
|
Pinch Hitting: RHB Daniel Jones
|
0-0: Swinging Strike 0-1: Ball 1-1: TRIPLE (Flyball, 78XD, EV 89.4 MPH) Jay Loviglio scores
|
|
Batting: RHB Carmelo Aguayo
|
0-0: Foul Ball, location: 2F 0-1: Ball 1-1: Foul Ball, location: 2F 1-2: Foul Ball, location: 2F 1-2: Reached on error, E5 (Groundball, 56, EV 108.1 MPH) Daniel Jones scores
|
|
Batting: RHB Juan Baez
|
0-0: Foul Ball, location: 2F 0-1: Foul Ball, location: 2F 0-2: SINGLE (Flyball, 89S, EV 97.5 MPH) Carmelo Aguayo to third Runner from 3rd tries for Home, SAFE, throw by CF to home
|
| Bottom of the 9th over - 3 runs, 3 hits, 1 error, 0 left on base; Danville 6 - Waterloo 7 |
|